AoeStats
← duke of downend

Fortress

510417020Analyzed
1v1 RM · 7h ago on Sep 30, 2026· 55m 11s· 2 players
Game mode
Random Map
Map size
Small (3 player)
Population
200
Speed
Normal
Resources
Standard
Victory
Conquest
Starting age
Dark Age
Ending age
Imperial Age
RankedLock teamsTeams togetherTeam positionsShared explorationLock speedFull tech treeHidden civsTurbo modeCheats
Victory
Defeat
🇬🇧 Khmer · United Kingdom
666
+15
🇺🇸 Teutons · United States
638
-15
beebs111
7:02 Feudal Age
5:19 Loom
7:28 Double-Bit Axe
8:21 Wheelbarrow
13:41 Castle Age
14:57 Pikeman
15:46 Scale Mail Armor
16:22 Horse Collar
19:39 Chain Mail Armor
27:17 Imperial Age
27:53 Ironclad
29:57 Gold Mining
31:12 Halberdier
31:24 Capped Ram
33:02 Bow Saw
34:28 Chemistry
37:35 Plate Mail Armor
39:03 Forging
41:38 Fortified Wall
44:38 Squires
55:05 Iron Casting
duke of downend
1:56 Loom
8:14 Feudal Age
8:59 Double-Bit Axe
8:58 Horse Collar
14:54 Castle Age
12:57 Man-at-Arms
16:08 Fletching
16:29 Forging
16:06 Long Swordsman
16:07 Pikeman
16:35 Arson
17:17 Heavy Plow
17:33 Bow Saw
22:33 Bodkin Arrow
23:14 Iron Casting
23:10 Husbandry
31:21 Imperial Age
30:55 Scale Mail Armor
32:12 Two-Handed Swordsman
33:25 Bracer
34:27 Blast Furnace
35:32 Bloodlines
34:42 Light Cavalry
35:59 Conscription
36:57 Chain Mail Armor
37:00 Double Crossbow
50:21 Chemistry
49:42 Ballistics
49:19 Murder Holes
54:03 Siege Engineers
Connection lost

Rejoining the realm…

Still unreachable

The connection could not be restored.

Session expired

The server has moved on; the page needs a fresh start.